 Dungeon Crawl Stone Soup version 0.27.0-66-gdc8fb28755 (webtiles) character file.

Game seed: 12868908443097664336

312 Malachi the Cleaver (level 6, -5/52 HPs)
             Began as a Hill Orc Fighter on Aug 19, 2021.
             Slain by an ogre (19 damage)
             ... on level 4 of the Dungeon.
             The game lasted 00:04:25 (3969 turns).

Malachi the Cleaver (Hill Orc Fighter)              Turns: 3969, Time: 00:04:25

Health: -5/52      AC:  6    Str: 21    XL:     6   Next: 42%
Magic:  6/6        EV:  9    Int:  8    God:
Gold:   74         SH:  4    Dex: 10    Spells: 5/5 levels left

rFire    . . .     SeeInvis .   a - +0 war axe
rCold    . . .     Faith    .   e - +0 buckler
rNeg     . . .     Spirit   .   b - +0 scale mail
rPois    .         Reflect  .   (no helmet)
rElec    .         Harm     .   (no cloak)
rCorr    .         Rampage  .   (no gloves)
Will     .....                  (no boots)
Stlth    ..........             (no amulet)
HPRegen  0.17/turn              (no ring)
MPRegen  0.10/turn              (no ring)

@: brilliant, attractive, hasted, very quick
A: no striking features
a: no special abilities


You were on level 4 of the Dungeon.
You visited 1 branch of the dungeon, and saw 4 of its levels.

You collected 74 gold pieces.

Inventory:

Hand Weapons
 a - a +0 war axe (weapon)
 l - a +0 dagger of draining
Missiles
 m - 14 poisoned darts (quivered)
Armour
 b - a +0 scale mail (worn)
 c - a +0 kite shield
 e - a +0 buckler (worn)
Jewellery
 g - a ring of fire
 i - a +6 ring of intelligence
Wands
 d - a wand of flame (4)
Scrolls
 k - a scroll of silence
Potions
 f - a potion of resistance
 o - 2 potions of heal wounds {unknown}


   Skills:
 - Level 3.6 Fighting
 * Level 8.2 Axes
 - Level 3.3 Armour
 - Level 4.0 Shields


You had 5 spell levels left.
You didn't know any spells.
Your spell library contained the following spells:

 Spells                   Type           Power      Damage    Failure   Level
 Fireball                 Conj/Fire      0%         3d3       100%        5
 Iskenderun's Battlesphe  Conj           0%         2d6       100%        5
 Conjure Ball Lightning   Conj/Air       0%         3x3d6     100%        6
 Orb of Destruction       Conj           0%         N/A       100%        7


Dungeon Overview and Level Annotations

Branches:
Dungeon (4/15)
 Temple: D:4-7

Altars:
Okawaru

Annotations:
D:4 Robin


Message History

Cleave: a) +0 war axe
Press: ? - help, Dir - move target, f/p - ogre
Aim: an ogre, wielding a +0 giant club (about 26% to evade your +0 war axe)
You hit the ogre.
The ogre is lightly wounded.
The ogre hits you with a +0 giant club!
Unknown command.
You hit the ogre but do no damage.
The ogre is lightly wounded.
You block the ogre's attack.
You barely miss the ogre.
The ogre is lightly wounded.
The ogre barely misses you.
You slash the ogre!
The ogre is moderately wounded.
You block the ogre's attack.
You closely miss the ogre.
The ogre is moderately wounded.
You barely miss the ogre.
The ogre is moderately wounded.
The ogre hits you with a +0 giant club!!
Ouch! That really hurt!
* * * LOW HITPOINT WARNING * * *
It was a potion of brilliance.
You feel clever all of a sudden. The ogre closely misses you.
It was a potion of attraction.
You feel attractive to monsters. You block the ogre's attack.
You barely miss the ogre.
The ogre is moderately wounded.
The ogre closely misses you.
You hit the ogre.
The ogre is heavily wounded.
The ogre closely misses you.
It was a potion of haste.
You feel yourself speed up.
You closely miss the ogre.
The ogre is heavily wounded.
The ogre hits you with a +0 giant club!!
You die...

g.....# ........
.... ..............
###
.......##.....##.##
......#...#
..........
.........#
#......O.#
........@#
.##....##
..##.....##
..........#####
......(.......##
...#...........#
..###.....#....#
..........##..##
.........# #.#


You could see an ogre.

Vanquished Creatures
  An ogre (D:3)
  A necrophage (D:4)
  Ijyb (D:3)
  Natasha (D:4)
  4 adders
  A worm (D:3)
  2 orcs
  3 bats
  3 endoplasms
  A giant cockroach (D:1)
  13 goblins
  7 hobgoblins
  5 jackals (D:1)
  A kobold (D:1)
  2 quokkas
  2 ball pythons
  2 frilled lizards
  7 rats
57 creatures vanquished.

Vanquished Creatures (others)
  A fungus (D:1)
1 creature vanquished.

Grand Total: 58 creatures vanquished

Notes
Turn   | Place    | Note
-------+----------+-------------------------------------------
     0 | D:1      | Malachi the Hill Orc Fighter began the quest for the Orb.
     0 | D:1      | Reached XP level 1. HP: 19/19 MP: 1/1
    16 | D:1      | Reached skill level 3 in Axes
    16 | D:1      | Reached XP level 2. HP: 20/27 MP: 2/2
   377 | D:1      | Found a faded altar of an unknown god.
   522 | D:1      | Reached XP level 3. HP: 31/33 MP: 3/3
   594 | D:2      | Reached skill level 4 in Axes
  1138 | D:3      | Reached XP level 4. HP: 23/40 MP: 4/4
  1386 | D:3      | Found an iron altar of Okawaru.
  1386 | D:3      | Noticed Ijyb
  1402 | D:3      | Killed Ijyb
  1403 | D:3      | Reached skill level 5 in Axes
  2606 | D:4      | Noticed Natasha
  2610 | D:4      | Killed Natasha
  2611 | D:4      | Reached skill level 6 in Axes
  2611 | D:4      | Reached XP level 5. HP: 34/46 MP: 5/5
  2788 | D:4      | Noticed a necrophage
  2806 | D:4      | Killed a necrophage
  2807 | D:4      | Reached skill level 7 in Axes
  2807 | D:4      | Noticed an ogre
  3106 | D:4      | Noticed Robin
  3124 | D:3      | Reached XP level 6. HP: 37/52 MP: 6/6
  3951 | D:3      | Reached skill level 8 in Axes
  3969 | D:4      | Slain by an ogre

Illustrated notes

Levels and vault maps discovered:
D:1:      eino_arrival_water_star, layout_rooms,
          shapermc_ecumenical_altar_ellora
D:2:      layout_rooms, corexii_shack
D:3:      layout_loops_cross, okawaru_metal_pillars_3, uniq_ijyb
D:4:      layout_cave_pools, uniq_robin, uniq_edmund, uniq_menkaure,
          uniq_natasha

Skill      XL: |  1  2  3  4  5  6 |
---------------+-------------------+-----
Axes           | 3 4 6 7 8 |  8.2
Shields        | 4 |  4.0
Fighting       | |  3.6
Armour         | |  3.3

Action                   |  1- 3 |  4- 6 || total
-------------------------+-------+-------++-------
Melee: War axe           |    98 |    81 ||   179
Evoke: Wand              |       |     6 ||     6
  Use: Scroll            |     4 |     1 ||     5
       Potion            |       |     4 ||     4
Armor: Scale mail        |    68 |    35 ||   103
Dodge: Dodged            |    35 |    37 ||    72
Block: Kite shield       |    53 |       ||    53
       Buckler           |     1 |    21 ||    22
